 Dungeon Crawl Stone Soup version 0.28.0-43-g3370ac3207 (webtiles) character file.

Game seed: 5383278381143417638

953430 ShadedSkies the Meteorologist (level 27, -5/266 HPs)
             Began as a Barachi Air Elementalist on Mar 1, 2022.
             Was the Champion of Vehumet.
             Hit by an iron dragon thrown by iron giant (25 damage)
             ... on level 6 of the Iron City of Dis on Mar 3, 2022.
             The game lasted 08:11:31 (97554 turns).

ShadedSkies the Meteorologist (BaAE)               Turns: 97554, Time: 08:11:31

Health: -5/266     AC: 32    Str: 15    XL:     27
Magic:  54/65      EV: 13    Int: 30    God:    Vehumet [******]
Gold:   10121      SH: 20    Dex:  7    Spells: 20/67 levels left

rFire   . . .      SeeInvis .   f - staff of air
rCold   + + .      Faith    .   T - +0 tower shield {rN+}
rNeg    + . .      Spirit   .   r - +9 ice dragon scales
rPois   +          Reflect  .   y - +2 hat {Will+}
rElec   +          Harm     .   c - +0 cloak {Stlth+}
rCorr   +          Rampage  .   q - +3 Mad Mage's Maulers {Infuse+∞ RegenMP Int-3}
Will    ++++.                   F - +2 pair of boots of Ornamental Fun {rCorr Int+6 Stlth-}
Stlth   ++........              e - amulet "Netu" {Acrobat rPois Regen+ Str+3}
HPRegen 1.34/turn               w - ring of Iraryg Nye {Fly rF+ Will+ MP+9 Dex-2}
MPRegen 0.79/turn               E - ring "Farph" {rPois MP+9 AC+4 Dex-4}

@: about to teleport, spiked, flying, studying Earth Magic, corroded, slow
A: amphibious, slowness 1, strong legs 2, +LOS, antennae 1, deformed body,
robust 1, [deterioration 1]
}: 11/15 runes: decaying, serpentine, slimy, silver, golden, abyssal, demonic,
glowing, magical, fiery, dark
a: Hop, Renounce Religion


You were on level 6 of the Iron City of Dis.
You worshipped Vehumet.
Vehumet was exalted by your worship.
You visited 15 branches of the dungeon, and saw 66 of its levels.
You visited Pandemonium 2 times, and saw 16 of its levels.
You visited the Abyss 7 times.
You also visited: Ice Cave and Wizlab.

You collected 11832 gold pieces.
You spent 1711 gold pieces at shops.

Inventory:

Hand Weapons
 z - the +10 morningstar "Eos" {elec, Halo rElec}
   (You found it on level 3 of the Crypt)

   It occasionally discharges a powerful burst of electricity upon striking a
   foe.
   It grants its wielder a halo, increasing accuracy against those within it.
   rElec:     It insulates you from electricity.
 S - the +11 demon whip of Ru's Benevolence {drain, Str+3 Int+3}
   (You took it off a balrug in Pandemonium)

   A truly terrible weapon, it drains the life of any living foe it strikes.
   Str:       It affects your strength (+3).
   Int:       It affects your intelligence (+3).
Missiles
 D - 20 curare-tipped darts
 G - 4 throwing nets
Armour
 c - a +0 cloak of stealth (worn)
 q - the +3 Mad Mage's Maulers (worn) {Infuse+∞ RegenMP Int-3}
   (You bought it in a shop on level 2 of the Elven Halls)

   It empowers its wearer's blows with all of their magic.
   It causes its wearer's magical reserves to regenerate more quickly.
   Int:       It affects your intelligence (-3).
 r - +9 ice dragon scales (worn)
 y - a +2 hat of willpower (worn)
 F - the +2 pair of boots of Ornamental Fun (worn) {rCorr Int+6 Stlth-}
   (You found it on level 6 of the Dungeon)

   Int:       It affects your intelligence (+6).
   rCorr:     It protects you from acid and corrosion.
   Stlth:     It makes you less stealthy.
 T - a +0 tower shield of positive energy (worn)
Magical Staves
 f - a staff of air (weapon)
Jewellery
 a - a ring of see invisible
 e - the amulet "Netu" (around neck) {Acrobat rPois Regen+ Str+3}
   (You bought it in a shop on level 1 of the Depths)

   [amulet of the acrobat]

   It increases your evasion while moving and waiting.
   Str:       It affects your strength (+3).
   rPois:     It protects you from poison.
   Regen:     It increases your rate of health regeneration.
 w - the ring of Iraryg Nye (left hand) {Fly rF+ Will+ MP+9 Dex-2}
   (You found it on level 6 of the Lair of Beasts)

   [ring of magical power]

   Dex:       It affects your dexterity (-2).
   rF:        It protects you from fire.
   MP:        It affects your magic capacity (+9).
   Fly:       It grants you flight.
   Will:      It increases your willpower.
 E - the ring "Farph" (right hand) {rPois MP+9 AC+4 Dex-4}
   (You took it off a deep elf sorcerer on level 5 of the Vaults)

   [ring of protection]

   AC:        It affects your AC (+4).
   Dex:       It affects your dexterity (-4).
   rPois:     It protects you from poison.
   MP:        It affects your magic capacity (+9).
Wands
 x - a wand of charming (13)
 H - a wand of flame (131)
 I - a wand of acid (29)
 N - a wand of polymorph (21)
 R - a wand of iceblast (50)
 U - a wand of paralysis (25)
 V - a wand of digging (16)
 X - a wand of mindburst (40)
Scrolls
 i - 3 scrolls of summoning
 n - 16 scrolls of fear
 o - 4 scrolls of holy word
 p - 9 scrolls of teleportation
 s - 7 scrolls of magic mapping
 B - 5 scrolls of blinking
 L - 6 scrolls of silence
 M - 2 scrolls of amnesia
 W - 4 scrolls of fog
Potions
 b - 3 potions of invisibility
 d - 10 potions of attraction
 g - 7 potions of might
 h - 9 potions of brilliance
 j - 7 potions of magic
 k - 3 potions of mutation
 m - 29 potions of curing
 v - 5 potions of ambrosia
 J - 7 potions of resistance
 P - 9 potions of haste
 Y - 6 potions of berserk rage
Miscellaneous
 t - a condenser vane
 A - a box of beasts
 C - the horn of Geryon
 O - a figurine of a ziggurat
 Q - a phantom mirror


   Skills:
 + Level 25.5 Fighting
 - Level 6.1 Maces & Flails
 - Level 24.4 Armour
 - Level 19.0 Dodging
 - Level 9.9 Stealth
 + Level 22.7 Shields
 + Level 20.7 Spellcasting
 O Level 27 Conjurations
 - Level 1.1 Necromancy
 O Level 27 Air Magic


You had 20 spell levels left.
You knew the following spells:

 Your Spells              Type           Power      Damage    Failure   Level
a - Shock                 Conj/Air       100%       1d9       0%          1
b - Static Discharge      Conj/Air       100%       N/A       0%          2
c - Swiftness             Air            100%       N/A       0%          3
d - Corpse Rot            Necr/Air       100%       N/A       1%          2
e - Maxwell's Capacitive  Air            69%        ∞         1%          8
f - Chain Lightning       Conj/Air       69%        3d92      1%          9
g - Conjure Ball Lightni  Conj/Air       69%        3x3d26    0%          6
h - Iskenderun's Battles  Conj           100%       2d15      0%          5
i - Lightning Bolt        Conj/Air       69%        1d93      0%          5
j - Passwall              Tmut/Erth      25%        N/A       6%          2
k - Blink                 Tloc           62%        N/A       6%          2
l - Sublimation of Blood  Necr           37%        N/A       3%          2

Your spell library contained the following spells:

 Spells                   Type           Power      Damage    Failure   Level
 Ignition                 Fire           15%        3d6       100%        8
 Polar Vortex             Ice            15%        N/A       100%        9
 Foxfire                  Conj/Fire      100%       2x1d9     0%          1
 Magic Dart               Conj           100%       1d8       0%          1
 Poisonous Vapours        Pois/Air       100%       N/A       0%          2
 Searing Ray              Conj           100%       2d8       0%          2
 Mephitic Cloud           Conj/Pois/Air  100%       N/A       0%          3
 Airstrike                Air            69%        N/A       0%          4
 Freeze                   Ice            100%       1d11      1%          1
 Sandblast                Erth           62%        2d14      1%          1
 Conjure Flame            Conj/Fire      84%        6-21      1%          3
 Dazzling Flash           Conj/Hex       100%       N/A       1%          3
 Stone Arrow              Conj/Erth      100%       3d13      1%          3
 Flame Wave               Conj/Fire      84%        2d15      1%          4
 Fulminant Prism          Conj/Hex       42%        3d20      1%          4
 Hailstorm                Conj/Ice       84%        3d17      1%          4
 Iskenderun's Mystic Bla  Conj/Tloc      84%        2d17      1%          4
 Fireball                 Conj/Fire      42%        3d17      1%          5
 Irradiate                Conj/Tmut      42%        3d27      1%          5
 Silence                  Hex/Air        53%        N/A       1%          5
 Iron Shot                Conj/Erth      42%        9d8       1%          6
 Starburst                Conj/Fire      42%        6d12      1%          6
 Orb of Destruction       Conj           57%        9d14      1%          7
 Animate Skeleton         Necr           74%        N/A       2%          1
 Inner Flame              Hex/Fire       31%        N/A       3%          3
 Apportation              Tloc           62%        N/A       4%          1
 Beastly Appendage        Tmut           62%        N/A       4%          1
 Sting                    Tmut/Pois      100%       1d8       4%          1
 Summon Small Mammal      Summ           100%       N/A       4%          1
 Call Imp                 Summ           31%        N/A       6%          2
 Ensorcelled Hibernation  Hex/Ice        62%        N/A       6%          2
 Wereblood                Tmut           31%        N/A       6%          2
 Vampiric Draining        Necr           37%        2d8       8%          3
 Olgreb's Toxic Radiance  Pois           31%        N/A       11%         4
 Call Canine Familiar     Summ           31%        N/A       12%         3
 Lesser Beckoning         Tloc           31%        N/A       12%         3
 Ozocubu's Armour         Ice            31%        N/A       12%         3
 Portal Projectile        Hex/Tloc       62%        N/A       12%         3
 Spider Form              Tmut/Pois      31%        N/A       12%         3
 Summon Guardian Golem    Hex/Summ       31%        N/A       12%         3
 Tukima's Dance           Hex            31%        N/A       12%         3
 Storm Form               Tmut/Air       53%        N/A       13%         7
 Animate Dead             Necr           18%        N/A       26%         4
 Dispel Undead            Necr           37%        3d15      26%         4
 Lehudib's Crystal Spear  Conj/Erth      42%        10d10     26%         8
 Lee's Rapid Deconstruct  Erth           15%        3d11*     28%         5
 Yara's Violent Unravell  Hex/Tmut       15%        3d8       28%         5
 Anguish                  Hex/Necr       17%        N/A       32%         4
 Cause Fear               Hex            15%        N/A       36%         4
 Ice Form                 Ice/Tmut       31%        N/A       36%         4
 Leda's Liquefaction      Hex/Erth       15%        N/A       36%         4
 Passage of Golubria      Tloc           31%        N/A       36%         4
 Petrify                  Tmut/Erth      31%        N/A       36%         4
 Summon Ice Beast         Ice/Summ       31%        N/A       36%         4
 Agony                    Necr           37%        N/A       56%         5
 Excruciating Wounds      Necr           18%        N/A       56%         5
 Borgnjor's Vile Clutch   Necr/Erth      17%        N/A       65%         5
 Alistair's Intoxication  Tmut/Pois      20%        N/A       73%         5
 Blade Hands              Tmut           15%        N/A       73%         5
 Manifold Assault         Tloc           31%        N/A       73%         5
 Metabolic Englaciation   Hex/Ice        15%        N/A       73%         5
 Death Channel            Necr           18%        N/A       98%         6
 Simulacrum               Ice/Necr       17%        N/A       99%         6
 Statue Form              Tmut/Erth      20%        N/A       99%         6
 Ozocubu's Refrigeration  Ice            15%        4d8       99%         7
 Dragon Form              Tmut           15%        N/A       100%        7
 Enfeeble                 Hex            15%        N/A       100%        7
 Haunt                    Necr/Summ      17%        N/A       100%        7
 Monstrous Menagerie      Summ           15%        N/A       100%        7
 Borgnjor's Revivificati  Necr           18%        N/A       100%        8
 Discord                  Hex            15%        N/A       100%        8
 Infestation              Necr           18%        N/A       100%        8
 Necromutation            Tmut/Necr      17%        N/A       100%        8
 Death's Door             Necr           18%        N/A       100%        9
 Dragon's Call            Summ           15%        N/A       100%        9


Dungeon Overview and Level Annotations

Branches:
Dungeon (15/15)            Temple (1/1) D:7            Lair (6/6) D:11
  Swamp (4/4) Lair:4        Snake (4/4) Lair:3        Slime (5/5) Lair:6
    Orc (2/2) D:9             Elf (3/3) Orc:2        Vaults (5/5) D:13
  Crypt (3/3) Vaults:3       Tomb (3/3) Crypt:3      Depths (4/4) D:15
   Hell (visited)             Dis (6/7) Hell            Coc (0/7) Hell
    Zot (4/5) Depths:4      IceCv (visited)          WizLab (visited)
    Geh: Hell:1         Tar: Hell:1

Altars:
Ashenzari
Cheibriados
Dithmenos
Elyvilon
Fedhas
Gozag
Hepliaklqana
Kikubaaqudgha
Makhleb
Nemelex Xobeh
Okawaru
Qazlal
Ru
Sif Muna
Trog
Uskayaw
Vehumet
Wu Jian
Xom
Yredelemnul
Zin
The Shining One
Lugonu

Shops:
D:6 (   D:13 !(   D:14 *   Orc:1 *   Orc:2 !([:   Elf:1 :((?   Elf:2 *([!!
Vaults:2 [   Vaults:4 *   Depths:1 [[[=

Portals:
Hell: Depths:1 Depths:2 Depths:3 Depths:4
Abyss: Lair:6 Depths:2 Depths:3
Pandemonium: Depths:2
Ziggurat: Depths:1

Annotations:
D:4 3 runed translucent doors, Sobaton's ghost, amateur HOFi
Vaults:4 2 transporters, 1 runed translucent door
Depths:4 2 transporters, Janeylunn's ghost, veteran GnWn


Innate Abilities, Weirdness & Mutations

You are amphibious.
You cover ground slowly.
You can hop long distances.
You have an extended range of vision and can be seen from far away.
You have a pair of small antennae on your head.
Armour fits poorly on your strangely shaped body.
You are robust. (+10% HP)
[Your body sometimes deteriorates upon taking damage.]


Message History

You start resting.
You sense a monster nearby.
You start resting.
You sense a monster nearby.
You start resting.
An iron dragon comes into view. x2; A Hell Sentinel comes into view.
A chorus of shrieks echoes around you!
You feel yourself wasting away.
An iron giant and 3 iron golems come into view.
Your legs are too worn out to hop.
The Hell Sentinel roars!
The iron giant shouts!
The Hell Sentinel roars!
The iron dragon roars deafeningly!
You hear a hideous shriek!
The iron golem moves out of view.
The Hell Sentinel gestures at you.
The sphere of damnation explodes!
The damnation engulfs you!!
* * * LOW HITPOINT WARNING * * *
You hear a roar!
As you read the scroll of teleportation, it crumbles to dust.
You feel strangely unstable.
You are ready to hop once more.
You block the Hell Sentinel's attack. The Hell Sentinel hits you!
* * * LOW HITPOINT WARNING * * *
The Hell Sentinel hits you!
* * * LOW HITPOINT WARNING * * *
The Hell Sentinel barely misses you.
Your surroundings suddenly seem different. 3 crystal echidnas come into view.
As you read the scroll of teleportation, it crumbles to dust.
You feel strangely unstable.
The crystal echidna throws crystal bolt at you.
The crystal bolt freezes you! You resist.
* * * LOW HITPOINT WARNING * * *
You feel better.
The crystal echidna throws volley of spikes at you.
The volley of spikes hits you!
The barbed spikes become lodged in your body.
* * * LOW HITPOINT WARNING * * *
You feel better.
The iron giant throws the iron dragon at you!
You die...

#.......................
#.###.###...............
#.###########............
#.#.........#............
#.#...r.....#.........1..
#1#.........#............
#.#....9r...#............
#.#....r....#............
#1######..@.#............
#.'...C9...D#...1........
#^'....D.^..#...∩9.......
#.'...9'....#############
########....# .....#
......# .......# .......#


You could see 3 iron golems, an iron giant, 2 iron dragons and 3 crystal
echidnas.

Vanquished Creatures
  Cerebov (Pan)
  Dissolution (Slime:2)
  the Royal Jelly (Slime:5)
  Gloorx Vloq (Pan)
  Mnoleg (Pan)
  Lom Lobon (Pan)
  6 pandemonium lords (Pan)
  6 dread liches
  An orb of fire (Zot:4)
  6 ancient liches
  A juggernaut (Depths:3)
  Boris (thrice) (Vaults:2 Depths:4 Tomb:1)
  Sojobo (Vaults:2)
  6 royal mummies (Tomb:3)
  Bai Suzhen (Vaults:3)
  Saint Roka (Vaults:2)
  7 caustic shrikes
  7 golden dragons
  Geryon (Hell)
  Jory (Crypt:1)
  Nikola (Snake:4)
  2 profane servitors
  4 bone dragons
  3 Tzitzimimeh (Pan)
  6 Brimstone Fiends (Pan)
  11 tentacled monstrosities
  2 electric golems
  3 hellephants
  An iron giant (Dis:2)
  6 Hell Sentinels
  A walking crystal tome (Depths:3)
  21 liches
  3 Ice Fiends (Pan)
  8 quicksilver dragons
  A walking earthen tome (Depths:2)
  5 titans
  16 acid blobs
  2 deep elf blademasters
  11 sphinxes
  2 deep elf master archers (Elf:3)
  12 tentacled starspawn
  3 thorn hunters
  5 death cobs
  The ghost of vinnietd the Tortoise, an adept HaFi of Trog (Snake:2)
  Gastronok (Lair:1)
  17 Executioners (Pan)
  16 ancient champions
  Kirke (Swamp:1)
  10 shadow dragons
  7 storm dragons
  10 tengu reavers
  7 revenants
  A fenstrider witch (Swamp:1)
  5 draconian monks
  12 azure jellies
  3 quicksilver elementals
  6 rockslimes
  8 demonspawn warmongers (Pan)
  3 draconian knights
  15 nagarajas
  14 deep elf sorcerers
  5 fire giants
  6 orc warlords
  2 spectral caustic shrikes (WizLab)
  2 iron dragons
  13 frost giants
  A juggernaut zombie (Abyss:3)
  4 caustic shrike zombies
  18 vault wardens
  20 balrugs
  5 deep elf elementalists
  Louise (Swamp:1)
  3 draconian shifters
  3 draconian scorchers (Zot:1)
  2 demonspawn corrupters (Pan)
  13 ironbound preservers
  2 curse skulls (Pan)
  14 reapers
  A caustic shrike skeleton (Abyss:5)
  13 cacodemons
  5 demonspawn blood saints (Pan)
  6 ghouls
  A spriggan defender (Depths:2)
  2 draconian annihilators (Pan)
  9 quicksilver oozes
  13 war gargoyles
  A draconian stormcaller (Depths:4)
  42 very ugly things
  14 vampire knights
  2 entropy weavers
  2 juggernaut skeletons
  5 demonspawn black suns (Pan)
  10 ironbound thunderhulks
  6 halazid warlocks (WizLab)
  4 deep elf demonologists
  13 stone giants
  5 eleionomae
  7 green draconians
  7 purple draconians
  2 spectral titans (WizLab)
  6 lorocyprocas
  9 yellow draconians
  4 black draconians
  6 bennus
  13 deep elf annihilators
  11 white draconians
  20 spark wasps
  7 red draconians
  9 bunyips
  7 eidola
  A spark wasp (shapeshifter) (Vaults:5)
  9 blizzard demons
  7 iron golems
  2 spectral quicksilver dragons (WizLab)
  26 mummy priests
  3 crystal guardians (Dis:4)
  7 fire dragons
  2 merfolk impalers
  12 green deaths (Pan)
  27 jiangshi
  9 deep elf death magi
  A merfolk javelineer (Depths:3)
  12 yaktaur captains
  6 ettins
  A shambling mangrove (Swamp:4)
  4 boulder beetles
  11 deep elf high priests
  14 rakshasas
  12 great orbs of eyes
  28 vault guards
  A juggernaut simulacrum (Crypt:3)
  19 naga warriors
  16 ice dragons
  A peacekeeper (Vaults:4)
  13 ironbound frosthearts
  26 hydras
  4 salamander tyrants
  3 ogre magi
  5 spriggan air magi
  A radroach (shapeshifter) (Vaults:5)
  3 spriggan skeletons
  A hell beast (Pan)
  2 fenstrider witch skeletons (Crypt:1)
  7 anacondas
  A deep troll shaman (Depths:4)
  6 two-headed ogres
  26 dancing weapons
  5 deep troll earth magi
  9 centaur warriors
  A satyr (Abyss:1)
  11 alligators
  6 death knights
  6 hell hogs
  9 tengu warriors
  3 death yaks (Lair:6)
  43 death scarabs
  9 spriggan berserkers
  8 vampire magi
  2 titan zombies (WizLab)
  24 thrashing horrors
  17 naga sharpshooters
  4 shock serpents
  A storm dragon zombie (Depths:2)
  6 orc high priests
  12 hell knights
  A crystal echidna (Dis:4)
  2 spectral death yaks (Lair:1)
  A fire crab (Lair:6)
  71 sun demons
  28 soul eaters
  23 deep elf knights
  19 sixfirhies
  7 salamander mystics
  15 shadow wraiths
  22 wretched stars
  6 spatial maelstroms
  44 skeletal warriors
  2 titan skeletons
  A glowing orange brain (shapeshifter) (Depths:1)
  9 iron trolls
  A spark wasp zombie (Depths:2)
  5 goliath frogs
  A death drake (Abyss:4)
  A quicksilver dragon simulacrum (Abyss:5)
  The ghost of vilexy the Thaumaturge, a novice GrCj of Gozag (Lair:1)
  11 glowing orange brains
  An iron giant zombie (Abyss:3)
  6 spriggan druids
  2 anaconda zombies
  6 shadow demons (Pan)
  7 flayed ghosts
  49 deep trolls
  A spectral hydra (Lair:1)
  10 deep elf archers
  21 ironbound convokers
  56 starcursed masses
  2 spriggan simulacra
  11 phantasmal warriors
  An orb spider (Abyss:1)
  25 wizards
  A bunyip skeleton (Abyss:2)
  11 lindwurms
  A shadow dragon zombie (Abyss:2)
  9 swamp dragons
  3 naga ritualists
  9 necromancers
  17 orc knights
  11 mana vipers
  32 deep elf zephyrmancers
  6 bog bodies
  An orange crystal statue (IceCv)
  2 wolf spider zombies (WizLab)
  A tengu skeleton (Depths:1)
  72 ugly things
  A tengu zombie (Depths:2)
  An anaconda skeleton (Crypt:2)
  A spectral wolf spider (WizLab)
  3 oklob plants (D:12)
  A wolf spider (D:10)
  A fire giant zombie (Depths:1)
  3 orc sorcerers
  26 deep elf pyromancers
  19 moths of wrath
  2 cyclopes
  8 will-o-the-wisps
  A shadow dragon skeleton (Pan)
  An eleionoma zombie (Crypt:1)
  8 worldbinders
  A manticore (D:11)
  A shining eye (Slime:5)
  14 salamanders
  A human skeleton (Vaults:1)
  An iron dragon skeleton (Crypt:1)
  An eleionoma skeleton (Crypt:1)
  2 fire giant skeletons (Depths:1)
  10 elephants
  7 apocalypse crabs
  5 guardian serpents
  A guardian serpent (shapeshifter) (Depths:1)
  26 naga magi
  5 rust devils
  22 orange demons
  A gargoyle (D:11)
  3 eyes of devastation
  20 vault sentinels
  35 black mambas
  An elf skeleton (Vaults:1)
  2 molten gargoyles (Hell)
  A dire elephant zombie (Abyss:3)
  15 cane toads
  52 smoke demons
  Maggie (D:6)
  13 hellions
  9 efreet
  19 demonic crawlers
  18 komodo dragons
  40 yaktaurs
  A centaur skeleton (Tomb:1)
  37 guardian mummies
  10 rime drakes
  A minotaur zombie (Hell)
  5 unseen horrors
  6 tengu conjurers
  11 tormentors
  2 anaconda simulacra
  29 hellwings
  9 ice devils
  15 ancient zymes
  13 freezing wraiths
  3 hydra zombies (Hell)
  4 red devils
  12 polar bears
  A tengu simulacrum (Crypt:3)
  A sea snake skeleton (Hell)
  3 harpy zombies
  13 hornets
  9 trolls
  12 tyrant leeches
  35 raiju
  A troll (shapeshifter) (D:15)
  16 blink frogs
  2 harpy skeletons
  A bloated husk (Swamp:1)
  Prince Ribbit (D:5)
  A spriggan zombie (WizLab)
  A frost giant simulacrum (Depths:1)
  128 slime creatures
  A dream sheep (shapeshifter) (Lair:6)
  2 black mamba zombies
  82 flying skulls
  An alligator zombie (Hell)
  An ettin zombie (Vaults:1)
  3 shadows (Crypt:3)
  53 yaks
  A jumping spider (shapeshifter) (Abyss:3)
  A vampire (D:12)
  24 ynoxinuls
  An alligator skeleton (Hell)
  7 water elementals
  2 air elementals
  A satyr skeleton (Crypt:1)
  12 wraiths
  14 spriggans
  15 ushabtiu
  88 large abominations
  A black mamba skeleton (Crypt:2)
  4 wyverns
  A guardian serpent skeleton (Crypt:1)
  6 hogs (Swamp:1)
  2 steam dragons
  9 basilisks
  8 fire bats
  17 golden eyes
  A golden eye (shapeshifter) (Depths:3)
  A minotaur simulacrum (D:15)
  A fire elemental (Elf:1)
  5 redbacks
  13 vampire mosquitoes
  39 chaos spawn
  2 human simulacra (Vaults:1)
  A death yak simulacrum (Lair:1)
  5 wargs
  30 neqoxecs
  15 swamp worms
  Edmund (D:6)
  2 harpy simulacra
  A spectral cane toad (Lair:1)
  61 nagas
  A spatial vortex (Abyss:5)
  19 water moccasins
  2 naga zombies
  2 acid dragons
  4 hell hounds
  A merfolk skeleton (Crypt:2)
  A deep troll skeleton (Crypt:1)
  4 floating eyes
  A sky beast (D:5)
  2 floating eyes (shapeshifter) (Vaults:5)
  5 swamp drakes
  A demonspawn skeleton (Crypt:2)
  A naga skeleton (Crypt:3)
  2 black bears (D:11)
  52 orc warriors
  3 alligator simulacra (D:15)
  2 ice beasts
  8 necrophages
  2 boggarts
  6 ogres
  22 centaurs
  6 wolves
  A manticore skeleton (Crypt:2)
  A phantom (D:5)
  4 kobold brigands
  An octopode zombie (Crypt:2)
  10 bullfrogs
  5 scorpions
  38 small abominations
  A wyvern zombie (D:8)
  2 earth elementals
  A lindwurm simulacrum (D:15)
  A swamp dragon simulacrum (Hell)
  A killer bee (shapeshifter) (Vaults:5)
  5 killer bees (D:8)
  A warg skeleton (Crypt:1)
  15 wights
  12 howler monkeys
  2 electric eels (Lair:4)
  3 centaur zombies
  3 quasits
  5 hounds
  4 jellies
  A black bear zombie (Crypt:2)
  2 gnoll shamans
  A komodo dragon simulacrum (Lair:1)
  3 iron imps
  43 orc priests
  A bullfrog skeleton (D:5)
  A scorpion zombie (Crypt:2)
  3 iguanas
  17 orc wizards
  2 killer bee zombies
  Robin (D:2)
  28 mummies
  22 gnolls
  3 adders
  A howler monkey skeleton (D:7)
  3 white imps
  5 ufetubi
  A halfling zombie (Crypt:1)
  An iguana skeleton (Crypt:1)
  2 worms
  2 dart slugs (D:3)
  95 orcs
  6 bats
  8 endoplasms
  4 giant cockroaches
  13 goblins
  4 hobgoblins
  4 jackals (D:1)
  6 quokkas
  7 ball pythons
  4 frilled lizards
  23 kobolds
  A kobold skeleton (Crypt:1)
  5 rats
  A river rat zombie (Crypt:2)
  A bush (Lair:3)
  5 lurking horrors
  15 starspawn tentacles
3775 creatures vanquished.

Vanquished Creatures (collateral kills)
  79 ball lightnings
79 creatures vanquished.

Vanquished Creatures (others)
  A ghost moth (Zot:3)
  A demonic crawler (Abyss:4)
  974 ball lightnings
  5 demonic plants
  A fire vortex (Pan)
  30 foxfires
  77 fungi
  A lurking horror (Abyss:4)
  120 plants
  19 starspawn tentacles
1229 creatures vanquished.

Grand Total: 5083 creatures vanquished

Notes
Turn   | Place    | Note
-------+----------+-------------------------------------------
     0 | D:1      | ShadedSkies the Barachi Air Elementalist began the quest
                  | for the Orb.
     0 | D:1      | Reached XP level 1. HP: 13/13 MP: 3/3
   103 | D:1      | Found a faded altar of an unknown god.
   180 | D:1      | Reached XP level 2. HP: 19/19 MP: 1/5
   347 | D:1      | Learned a level 2 spell: Static Discharge
   830 | D:1      | Reached XP level 3. HP: 24/24 MP: 0/6
   945 | D:1      | Learned a level 3 spell: Swiftness
  1697 | D:2      | Noticed Robin
  1705 | D:2      | Killed Robin
  1706 | D:2      | Reached XP level 4. HP: 30/30 MP: 1/7
  2464 | D:3      | Reached XP level 5. HP: 30/35 MP: 1/9
  2576 | D:3      | Reached skill level 5 in Air Magic
  2586 | D:3      | Learned a level 2 spell: Corpse Rot
  3076 | D:4      | Noticed an ice beast
  3093 | D:4      | Killed an ice beast
  3094 | D:4      | Reached XP level 6. HP: 40/41 MP: 0/10
  3745 | D:4      | Found a runed translucent gate.
  3746 | D:4      | Found a runed translucent gate.
  3747 | D:4      | Found a runed translucent gate.
  3748 | D:4      | Noticed Sobaton's ghost (amateur HOFi)
  3916 | D:5      | Entered Level 5 of the Dungeon
  4183 | D:5      | Noticed a sky beast
  4230 | D:5      | Learned a level 2 spell: Poisonous Vapours
  4351 | D:5      | Noticed Prince Ribbit
  4371 | D:5      | Killed Prince Ribbit
  4372 | D:5      | Reached XP level 7. HP: 19/46 MP: 0/11
  4811 | D:5      | Reached XP level 8. HP: 52/52 MP: 6/12
  4813 | D:5      | Reached skill level 5 in Dodging
  4817 | D:5      | Reached skill level 1 in Fighting
  5375 | D:5      | Reached skill level 5 in Fighting
  5813 | D:6      | Identified the +2 pair of boots of Ornamental Fun {rCorr
                  | Int+6 Stlth-}
  5896 | D:6      | Noticed Maggie
  5985 | D:6      | Found a hide-covered altar of Uskayaw.
  6193 | D:6      | Killed Maggie
  6194 | D:6      | Reached XP level 9. HP: 38/68 MP: 0/15
  6317 | D:6      | Found a glowing golden altar of the Shining One.
  6318 | D:6      | Found an ornate altar of the Wu Jian Council.
  6323 | D:6      | Found a sparkling altar of Nemelex Xobeh.
  6349 | D:6      | Found Siqyhut's Weapon Emporium.
  6381 | D:6      | Learned a level 4 spell: Airstrike
  6629 | D:6      | Reached skill level 5 in Conjurations
  6709 | D:6      | Noticed Edmund
  6718 | D:6      | Killed Edmund
  6864 | D:6      | Found a basalt altar of Yredelemnul.
  6989 | D:6      | Found a shimmering blue altar of Sif Muna.
  7485 | D:7      | Found a stormy altar of Qazlal.
  7540 | D:7      | Identified the +4 broad axe of Latug {flame, rPois Int-2
                  | Stlth+}
  7713 | D:7      | Found a staircase to the Ecumenical Temple.
  7730 | D:7      | Reached skill level 10 in Air Magic
  7744 | Temple   | Entered the Ecumenical Temple
  7901 | Temple   | Became a worshipper of Ru the Awakened
  8237 | D:7      | Found a radiant altar of Vehumet.
  8237 | D:7      | Found a faded altar of an unknown god.
  8253 | D:7      | Found an iron altar of Okawaru.
  8255 | D:7      | Fell from the grace of Ru
  8255 | D:7      | Became a worshipper of Vehumet
  8259 | D:7      | Found a white marble altar of Elyvilon.
  8261 | D:7      | Found a glowing silver altar of Zin.
  8446 | D:7      | Reached XP level 10. HP: 74/74 MP: 11/16
  9036 | D:8      | Noticed a two-headed ogre
  9038 | D:8      | Reached skill level 1 in Shields
  9212 | D:8      | Killed a two-headed ogre
  9212 | D:8      | Noticed a cyclops
  9222 | D:8      | Killed a cyclops
  9223 | D:8      | Reached skill level 5 in Shields
  9715 | D:8      | Reached * piety under Vehumet
  9715 | D:8      | Offered knowledge of Foxfire by Vehumet.
 10065 | D:9      | Noticed a two-headed ogre
 10084 | D:9      | Killed a two-headed ogre
 10729 | D:9      | Found an ancient bone altar of Kikubaaqudgha.
 10741 | D:9      | Reached XP level 11. HP: 77/79 MP: 12/17
 11064 | D:9      | Found a staircase to the Orcish Mines.
 11075 | Orc:1    | Entered Level 1 of the Orcish Mines
 11296 | Orc:2    | Entered Level 2 of the Orcish Mines
 11296 | Orc:2    | Noticed an orc sorcerer
 11296 | Orc:2    | Noticed an orc knight
 11296 | Orc:2    | Found a staircase to the Elven Halls.
 11297 | Orc:2    | Noticed an orc warlord
 11349 | D:10     | Entered Level 10 of the Dungeon
 11354 | D:10     | Noticed a two-headed ogre
 11421 | D:10     | Noticed a wolf spider
 11429 | D:10     | Killed a wolf spider
 11553 | D:10     | Got the Handbook of Summoning
 11642 | D:9      | Killed a two-headed ogre
 12291 | D:10     | Found a burning altar of Makhleb.
 12772 | D:11     | Reached ** piety under Vehumet
 12772 | D:11     | Offered knowledge of Sandblast by Vehumet.
 12795 | D:11     | Reached skill level 5 in Spellcasting
 12907 | D:11     | Found a staircase to the Lair.
 13013 | D:11     | Reached XP level 12. HP: 95/95 MP: 12/21
 14084 | Lair:1   | Entered Level 1 of the Lair of Beasts
 14335 | Lair:1   | Noticed Gastronok
 14428 | Lair:1   | Killed Gastronok
 14619 | Lair:1   | Noticed a four-headed hydra
 14675 | Lair:1   | Killed a four-headed hydra
 14786 | Lair:1   | Found a runed translucent gate.
 14787 | Lair:1   | Found a runed translucent gate.
 14787 | Lair:1   | Found a runed translucent gate.
 14844 | Lair:1   | Noticed a seven-headed hydra
 14959 | Lair:1   | Noticed vilexy's ghost (novice GrCj)
 14981 | Lair:1   | Killed a seven-headed hydra
 14982 | Lair:1   | Reached skill level 10 in Dodging
 17031 | Lair:1   | Gained mutation: You can hop long distances. [Barachi
                  | growth]
 17031 | Lair:1   | Reached XP level 13. HP: 80/100 MP: 16/24
 17142 | Lair:2   | Offered knowledge of Scorch by Vehumet.
 17211 | Lair:3   | Reached skill level 10 in Shields
 17450 | Lair:3   | Reached *** piety under Vehumet
 17928 | Lair:3   | Found a staircase to the Snake Pit.
 18487 | Lair:3   | Offered knowledge of Flame Wave by Vehumet.
 18776 | Lair:4   | Found a staircase to the Swamp.
 19416 | Lair:4   | Reached skill level 15 in Shields
 20195 | Lair:5   | Reached **** piety under Vehumet
 20551 | Lair:5   | Reached XP level 14. HP: 108/108 MP: 13/25
 20638 | Lair:5   | Offered knowledge of Frozen Ramparts by Vehumet.
 21060 | Lair:1   | Reached XP level 15. HP: 113/113 MP: 25/28
 21305 | Lair:6   | Entered Level 6 of the Lair of Beasts
 21400 | Lair:6   | Reached skill level 15 in Air Magic
 21532 | Lair:6   | Learned a level 6 spell: Conjure Ball Lightning
 21538 | Lair:6   | Learned a level 5 spell: Iskenderun's Battlesphere
 21844 | Lair:6   | Found a staircase to the Slime Pits.
 21967 | Lair:6   | Reached ***** piety under Vehumet
 21967 | Lair:6   | Offered knowledge of Lee's Rapid Deconstruction by Vehumet.
 22405 | Lair:6   | Reached skill level 10 in Conjurations
 22770 | Lair:6   | Identified the ring of Iraryg Nye {Fly rF+ Will+ MP+9
                  | Dex-2}
 23031 | Lair:6   | Found a corrupted altar of Lugonu.
 23031 | Lair:6   | Found a one-way gate to the infinite horrors of the Abyss.
 23440 | Lair:1   | Killed vilexy's ghost
 24636 | D:12     | Paralysed by a floating eye for 4 turns
 24953 | Orc:1    | Killed an orc warlord
 25423 | Orc:2    | Offered knowledge of Lightning Bolt by Vehumet.
 25483 | Orc:2    | Learned a level 5 spell: Lightning Bolt
 25489 | Orc:1    | Reached XP level 16. HP: 76/120 MP: 28/29
 25937 | Orc:2    | Found Lekkannu's Book Emporium.
 25937 | Orc:2    | Found Eptoisun's Distillery.
 25938 | Orc:2    | Found Ikhidas's Armour Shoppe.
 25938 | Orc:2    | Found Neny's Antique Weapon Emporium.
 25950 | Orc:2    | Bought a potion of magic for 104 gold pieces
 25950 | Orc:2    | Bought a potion of haste for 130 gold pieces
 26199 | Orc:1    | Found Renawk's Gadget Gallery.
 27017 | D:13     | Found a gate to the Vaults.
 27052 | D:13     | Found Zotyesch's Distillery.
 27204 | D:13     | Offered knowledge of Freezing Cloud by Vehumet.
 27509 | D:13     | Found Ommaic's Antique Weapon Emporium.
 27876 | D:14     | Reached skill level 15 in Conjurations
 28260 | D:14     | Found Xonoer's General Store.
 28339 | D:14     | Found a sacrificial altar of Ru.
 28805 | Swamp:1  | Entered Level 1 of the Swamp
 28931 | Snake:1  | Entered Level 1 of the Snake Pit
 29075 | Swamp:1  | Noticed a thorn hunter
 29080 | Swamp:1  | Killed a thorn hunter
 29476 | Swamp:1  | Noticed Kirke
 29524 | Swamp:1  | Noticed a sphinx
 29527 | Swamp:1  | Killed Kirke
 29746 | Swamp:1  | Noticed Louise
 29751 | Swamp:1  | Killed Louise
 29894 | Swamp:1  | Reached XP level 17. HP: 100/125 MP: 30/30
 30743 | Swamp:2  | Offered knowledge of Eringya's Noxious Bog by Vehumet.
 32425 | Swamp:4  | Entered Level 4 of the Swamp
 32522 | Swamp:3  | HP: 6/125 [poisoned by something (poison gas)]
 32527 | Swamp:3  | HP: 5/125 [poisoned by something (poison gas)]
 32850 | Swamp:4  | Offered knowledge of Iron Shot by Vehumet.
 33302 | Swamp:4  | Reached XP level 18. HP: 130/132 MP: 31/31
 33689 | Swamp:4  | Got a decaying rune of Zot
 34503 | D:15     | Entered Level 15 of the Dungeon
 34661 | D:15     | Offered knowledge of Spellforged Servitor by Vehumet.
 34858 | D:15     | Found a frozen archway.
 34880 | D:15     | Identified the +1 chain mail of Wionid {Dex+4 SInv}
 34896 | IceCv    | Entered an ice cave
 36434 | D:15     | Found a staircase to the Depths.
 36445 | Depths:1 | Entered Level 1 of the Depths
 36445 | Depths:1 | Found Hangywav's Jewellery Boutique.
 36447 | Depths:1 | Offered knowledge of Maxwell's Capacitive Coupling by
                  | Vehumet.
 37051 | Depths:1 | Bought the amulet "Netu" {Acrobat rPois Regen+ Str+3} for
                  | 997 gold pieces
 37087 | D:15     | Learned a level 8 spell: Maxwell's Capacitive Coupling
 37399 | Snake:1  | Reached skill level 1 in Armour
 37953 | Snake:1  | Reached skill level 5 in Armour
 38608 | Snake:2  | Reached XP level 19. HP: 133/138 MP: 32/32
 39514 | Snake:2  | Found a runed translucent door.
 39514 | Snake:2  | Found a shimmering altar of Xom.
 39514 | Snake:2  | Identified the +6 rapier "Qumy" {chaos, rCorr}
 39516 | Snake:2  | Noticed vinnietd's ghost (adept HaFi)
 39659 | Snake:2  | Reached skill level 10 in Armour
 39702 | Snake:2  | Reached ****** piety under Vehumet
 39932 | Snake:2  | Killed vinnietd's ghost
 40668 | Snake:3  | Identified the +0 ring mail "Meatz" {rPois SInv}
 41331 | Snake:4  | Entered Level 4 of the Snake Pit
 41431 | Snake:4  | Offered knowledge of Chain Lightning by Vehumet.
 41431 | Snake:4  | Offered knowledge of Polar Vortex by Vehumet.
 41431 | Snake:4  | Offered knowledge of Ignition by Vehumet.
 41525 | Snake:4  | Noticed Nikola
 41534 | Snake:4  | Killed Nikola
 41535 | Snake:4  | Reached skill level 1 in Necromancy
 41623 | Snake:4  | Reached skill level 10 in Spellcasting
 42537 | Snake:4  | Reached XP level 20. HP: 144/144 MP: 34/34
 42870 | Snake:4  | Got a serpentine rune of Zot
 43523 | Elf:1    | Entered Level 1 of the Elven Halls
 43812 | Elf:1    | Found Gobaehio's Magic Scroll Shoppe.
 44191 | Elf:1    | Found Mib Cuhy's Weapon Emporium.
 44252 | Elf:1    | Found Otawon Pateo's Book Boutique.
 44261 | Elf:1    | Found Qasaff's Antique Weapon Emporium.
 45456 | Elf:2    | Found Uxir's Distillery.
 45559 | Elf:2    | Found Duunata's Weapon Shop.
 45656 | Elf:2    | Paralysed by an air elemental for 1 turns
 45660 | Elf:2    | Paralysed by an air elemental for 1 turns
 45664 | Elf:2    | Paralysed by an air elemental for 1 turns
 45682 | Elf:2    | Found Azxilih's Armour Boutique.
 45803 | Elf:3    | Entered Level 3 of the Elven Halls
 45922 | Elf:2    | Bought the +3 Mad Mage's Maulers {Infuse+∞ RegenMP Int-3}
                  | for 480 gold pieces
 45922 | Elf:2    | Found the +3 Mad Mage's Maulers {Infuse+∞ RegenMP Int-3}
 46084 | Lair:1   | Learned a level 9 spell: Chain Lightning
 46577 | Elf:2    | Found Tyla's General Store.
 46746 | Elf:2    | Found Codagonn's Distillery.
 46861 | Elf:2    | Found a runed translucent gate.
 46862 | Elf:2    | Found a runed translucent gate.
 46862 | Elf:2    | Found a runed translucent gate.
 47182 | Elf:2    | Reached XP level 21. HP: 150/150 MP: 30/36
 48018 | Elf:3    | Identified the +5 great mace "Eveifich" {drain, rN+ Str+3}
 48111 | Elf:3    | Identified the amulet of Asexa {RegenMP Contam +Blink
                  | Dex+5}
 48385 | Elf:3    | Cast into level 3 of the Abyss (a deep elf sorcerer)
 48540 | Elf:3    | Escaped the Abyss
 48667 | Elf:3    | Got Sif Muna's Almanac of the Supportive Birds
 48668 | Elf:3    | Identified the +9 shortbow "Keifyst" {venom, rC+ rN+}
 48681 | Elf:3    | Identified the +4 trident of Gin and Tonic {drain, Drain
                  | rPois Dex+7 Stlth+}
 48696 | Elf:3    | Identified the +1 shortbow "Boul Gir" {speed, rN+ Str+2}
 48745 | Elf:3    | Identified the +0 ice dragon scales of the Northern Lights
                  | {Harm Drain rF- rC++ Regen+}
 48788 | Elf:3    | Learned a level 2 spell: Passwall
 49169 | Vaults:1 | Entered Level 1 of the Vaults
 49873 | Vaults:1 | Identified the +3 ring mail of Kuimeb {Int+3}
 50400 | Vaults:1 | Reached XP level 22. HP: 157/157 MP: 30/38
 51135 | Vaults:2 | Noticed Saint Roka
 51135 | Vaults:2 | Noticed Boris
 51137 | Vaults:2 | Killed Saint Roka
 51140 | Vaults:2 | Killed Boris
 51743 | Vaults:2 | Noticed an ancient lich
 51748 | Vaults:2 | Killed an ancient lich
 51921 | Vaults:2 | Found Apheduna's Armour Shoppe.
 52221 | Vaults:2 | Noticed Sojobo
 52227 | Vaults:2 | Killed Sojobo
 53142 | Depths:1 | Found a one-way gateway to a ziggurat.
 53652 | Depths:1 | Found Axoa's Armour Shoppe.
 53671 | Depths:1 | Found Kuptotwo's Armour Emporium.
 53674 | Depths:1 | Found Qaoheprint's Antique Armour Shoppe.
 53792 | Depths:1 | Found a sparkling altar of Nemelex Xobeh.
 53970 | Depths:1 | Found a gateway to Hell.
 54989 | Depths:2 | Reached XP level 23. HP: 162/162 MP: 39/39
 55859 | Depths:2 | Found a one-way gate leading to the halls of Pandemonium.
 55975 | Depths:2 | Found an ancient bone altar of Kikubaaqudgha.
 56033 | Depths:2 | Got the Volume of Moulding and Flames
 56292 | Depths:3 | Identified a scroll of acquirement
 56461 | Depths:3 | You are sucked into a shaft and drop 1 floor!
 56461 | Depths:4 | Entered Level 4 of the Depths
 56507 | Depths:4 | Noticed a golden dragon
 56511 | Depths:4 | Killed a golden dragon
 56716 | Depths:3 | Noticed a dread lich
 56719 | Depths:3 | Paralysed by a floating eye for 2 turns
 56722 | Depths:3 | Killed a dread lich
 56805 | Depths:3 | Noticed a juggernaut
 56811 | Depths:3 | Killed a juggernaut
 56820 | Depths:3 | Identified the +7 battleaxe "Alueq" {freeze, Int+2 Stlth+}
 57226 | Lair:1   | Acquired the ring of Yrchod {rPois Int+6}
 57627 | Depths:3 | Found a white marble altar of Elyvilon.
 58401 | Vaults:3 | Reached XP level 24. HP: 146/169 MP: 26/40
 58660 | Vaults:3 | Noticed Bai Suzhen
 58664 | Vaults:3 | Killed Bai Suzhen
 58665 | Vaults:3 | Reached skill level 27 in Air Magic
 59277 | Vaults:3 | Found a staircase to the Crypt.
 60119 | Vaults:4 | Reached skill level 27 in Conjurations
 60499 | Vaults:4 | Found a transporter.
 60976 | Vaults:4 | Found Fivaogh's General Store.
 61476 | Vaults:5 | Entered Level 5 of the Vaults
 61478 | Vaults:5 | Reached skill level 15 in Spellcasting
 61545 | Vaults:5 | Identified the +0 robe "Noof" {Harm rF+ rN+}
 61552 | Vaults:5 | Reached XP level 25. HP: 141/175 MP: 34/43
 61721 | Vaults:5 | Reached skill level 15 in Armour
 61791 | Vaults:5 | Paralysed by a floating eye for 4 turns
 62011 | Vaults:5 | Identified the ring "Farph" {rPois MP+9 AC+4 Dex-4}
 62553 | Vaults:5 | Got a silver rune of Zot
 62905 | Vaults:5 | Identified the +8 spear of the Other Side {vorpal, Dex+2}
 63420 | Vaults:5 | Acquired a +1 hat of willpower
 63539 | Vaults:4 | Found a transporter.
 63732 | Vaults:4 | Found a bloodstained altar of Trog.
 63732 | Vaults:4 | Found the necklace of Bloodlust {*Rage Will++ Int-3 Slay+6}
 63733 | Vaults:4 | Found a runed translucent door.
 64187 | Depths:4 | Reached skill level 10 in Fighting
 64189 | Depths:4 | Noticed Janeylunn's ghost (veteran GnWn)
 64511 | Depths:4 | Noticed Boris
 64515 | Depths:4 | Killed Boris
 64734 | Depths:4 | Found a transporter.
 64750 | Depths:4 | Found a transporter.
 64828 | Depths:4 | Learned a level 2 spell: Blink
 64864 | Depths:4 | Found a gate to the Realm of Zot.
 65501 | Zot:1    | Entered Level 1 of the Realm of Zot
 66006 | Slime:1  | Entered Level 1 of the Pits of Slime
 66242 | Slime:2  | Reached XP level 26. HP: 185/193 MP: 43/43
 66377 | Slime:3  | Noticed Dissolution
 66469 | Slime:2  | Killed Dissolution
 67076 | Slime:5  | Entered Level 5 of the Pits of Slime
 67093 | Slime:5  | Noticed the Royal Jelly
 68070 | Slime:5  | Killed the Royal Jelly
 68133 | Slime:5  | Identified the +0 pair of boots of the Fiend {Drain rElec
                  | Regen+}
 68160 | Slime:5  | Identified the ring "Zidy Nyr" {rF- EV+4 Slay+3 Stlth+}
 68191 | Slime:5  | Got a slimy rune of Zot
 69389 | Crypt:1  | Entered Level 1 of the Crypt
 69469 | Crypt:1  | Reached skill level 15 in Fighting
 69481 | Crypt:1  | Noticed Jory
 69487 | Crypt:1  | Killed Jory
 69531 | Crypt:1  | Acquired 1037 gold pieces
 69723 | Crypt:1  | Found a magical portal.
 69734 | WizLab   | Entered Borgnjor's Mausoleum
 70530 | WizLab   | Learned a level 2 spell: Sublimation of Blood
 71335 | Crypt:2  | Reached XP level 27. HP: 213/213 MP: 18/43
 72192 | Crypt:3  | Entered Level 3 of the Crypt
 72536 | Crypt:3  | Found an ancient bone altar of Kikubaaqudgha.
 73045 | Crypt:3  | Found a staircase to the Tomb.
 73374 | Crypt:3  | Found the +15 Maxwell's patent armour {-Cast -Tele rElec
                  | Will+ rCorr}
 73521 | Crypt:3  | Got the Reference Book on Sinister Secrets
 73565 | Crypt:3  | Found the +10 morningstar "Eos" {elec, Halo rElec}
 73580 | Crypt:3  | Got Ystoll's Disquisition on the Glacier and Transmigration
 73852 | Tomb:1   | Entered Level 1 of the Tomb of the Ancients
 73858 | Tomb:1   | Reached skill level 1 in Maces & Flails
 74277 | Tomb:1   | Noticed Boris
 74285 | Tomb:1   | Killed Boris
 74529 | Tomb:1   | Reached skill level 5 in Maces & Flails
 76864 | Zot:2    | Identified the +7 scythe "Beetlebane" {drain, rElec}
 77272 | Zot:3    | Reached skill level 15 in Dodging
 77873 | Zot:4    | Noticed an orb of fire
 77877 | Zot:4    | Killed an orb of fire
 78730 | Depths:3 | Voluntarily entered the Abyss.
 78761 | Abyss:3  | Found a corrupted altar of Lugonu.
 78828 | Depths:3 | Escaped the Abyss
 79014 | Depths:3 | Voluntarily entered the Abyss.
 79018 | Abyss:1  | Found a hazy altar of Hepliaklqana.
 79420 | Abyss:5  | Entered Level 5 of the Abyss
 79434 | Abyss:5  | Found a corrupted altar of Lugonu.
 79796 | Depths:3 | Escaped the Abyss
 79997 | Depths:3 | Voluntarily entered the Abyss.
 80028 | Depths:3 | Escaped the Abyss
 80085 | Depths:3 | Voluntarily entered the Abyss.
 80310 | Abyss:1  | Noticed an ancient lich
 80313 | Abyss:1  | Killed an ancient lich
 80418 | Abyss:1  | Gained mutation: You are weak. (Str -2) [a cacodemon]
 80557 | Abyss:1  | Noticed an ancient lich
 80564 | Abyss:1  | Killed an ancient lich
 80567 | Depths:3 | Escaped the Abyss
 80649 | Depths:3 | Voluntarily entered the Abyss.
 81172 | Abyss:3  | Paralysed by accursed screaming for 1 turns
 81998 | Abyss:4  | Noticed an ancient lich
 82006 | Abyss:4  | Killed an ancient lich
 82009 | Abyss:5  | Entered Level 5 of the Abyss
 82010 | Abyss:5  | Found a corrupted altar of Lugonu.
 82040 | Abyss:5  | Paralysed by you for 5 turns
 82053 | Abyss:5  | Found a corrupted altar of Lugonu.
 82091 | Abyss:5  | Noticed an ancient lich
 82095 | Abyss:5  | Killed an ancient lich
 82108 | Abyss:5  | Got an abyssal rune of Zot
 82218 | Depths:3 | Escaped the Abyss
 84455 | Pan      | Entered Pandemonium
 84621 | Pan      | Identified the +3 hand crossbow of the Furious {elec, rF-
                  | rC++ Str+5}
 84794 | Pan      | Noticed Ekumaene the pandemonium lord
 84806 | Pan      | Killed Ekumaene the pandemonium lord
 84809 | Pan      | HP: 3/226 [balrug/divine providence (11)]
 85006 | Pan      | Gained mutation: You are frail. (-10% HP) [a cacodemon]
 85079 | Pan      | Found an exit through the horrors of the Abyss.
 85104 | Pan      | Got the Incunabulum of Destructive Dark Rites
 85123 | Pan      | Noticed Afiferuv the pandemonium lord
 85135 | Pan      | Took an exit into the Abyss.
 85135 | Abyss:1  | Escaped into the Abyss
 85147 | Depths:2 | Escaped the Abyss
 85259 | Pan      | Entered Pandemonium
 85307 | Pan      | Entered the realm of Mnoleg.
 85322 | Pan      | Gained mutation: You are dopey. (Int -2) [a neqoxec]
 85323 | Pan      | Gained mutation: Potions are less effective at restoring
                  | your health. [a neqoxec]
 85327 | Pan      | Lost mutation: You are weak. (Str -2) [potion of mutation]
 85327 | Pan      | Lost mutation: You are frail. (-10% HP) [potion of
                  | mutation]
 85327 | Pan      | Lost mutation: Potions are less effective at restoring your
                  | health. [potion of mutation]
 85327 | Pan      | Gained mutation: You are robust. (+10% HP) [potion of
                  | mutation]
 85327 | Pan      | Gained mutation: You have sharp toenails. [potion of
                  | mutation]
 85552 | Pan      | Noticed Mnoleg
 85559 | Pan      | Gained mutation: You sometimes lose the ability to read
                  | scrolls when taking damage. [Mnoleg's mutagenic touch]
 85562 | Pan      | Killed Mnoleg
 85819 | Pan      | Gained mutation: Armour fits poorly on your strangely
                  | shaped body. [a cacodemon]
 85852 | Pan      | Gained mutation: You tend to lose your temper in combat. [a
                  | cacodemon]
 86289 | Pan      | Found an exit through the horrors of the Abyss.
 86498 | Pan      | Got a glowing rune of Zot
 86616 | Pan      | Gained mutation: You do not regenerate when monsters are
                  | visible. [a cacodemon]
 86619 | Pan      | Entered the realm of Gloorx Vloq.
 87380 | Pan      | Noticed Gloorx Vloq
 87385 | Pan      | Killed Gloorx Vloq
 87419 | Pan      | Got a dark rune of Zot
 87516 | Pan      | Lost mutation: You do not regenerate when monsters are
                  | visible. [potion of mutation]
 87516 | Pan      | Lost mutation: You are dopey. (Int -2) [potion of mutation]
 87516 | Pan      | Lost mutation: You have sharp toenails. [potion of
                  | mutation]
 87516 | Pan      | Lost mutation: You tend to lose your temper in combat.
                  | [potion of mutation]
 87516 | Pan      | Lost mutation: You sometimes lose the ability to read
                  | scrolls when taking damage. [potion of mutation]
 87516 | Pan      | Gained mutation: You have a pair of small antennae on your
                  | head. [potion of mutation]
 87568 | Pan      | Found an exit through the horrors of the Abyss.
 87771 | Pan      | Noticed Joacwuck the pandemonium lord
 87777 | Pan      | Killed Joacwuck the pandemonium lord
 87812 | Pan      | Found a huge runed translucent gate.
 87818 | Pan      | Found a huge runed translucent gate.
 87891 | Pan      | Found a huge runed translucent gate.
 87891 | Pan      | Found a huge runed translucent gate.
 87891 | Pan      | Found a huge runed translucent gate.
 87891 | Pan      | Found a huge runed translucent gate.
 87891 | Pan      | Found a huge runed translucent gate.
 87891 | Pan      | Noticed Copsoq the pandemonium lord
 87899 | Pan      | Killed Copsoq the pandemonium lord
 87983 | Pan      | Entered the realm of Cerebov.
 88502 | Pan      | Identified the +5 lajatang of Eternal War {flame, rPois rC-
                  | Will++}
 88502 | Pan      | Identified the ring of Feusafa {Int+2 Dex+4 Slay+4}
 88871 | Pan      | Found the +6 sword of Cerebov {flame}
 88871 | Pan      | Noticed Cerebov
 88878 | Pan      | Killed Cerebov
 88880 | Pan      | Identified the +11 demon whip of Ru's Benevolence {drain,
                  | Str+3 Int+3}
 88912 | Pan      | Got a fiery rune of Zot
 88970 | Pan      | Identified the +1 chain mail "Gyonaeli" {Dex+3}
 88971 | Pan      | Identified the +2 falchion of Death's Door {elec, Will+}
 89418 | Pan      | Found a runed translucent door.
 89419 | Pan      | Noticed Guci the pandemonium lord
 89424 | Pan      | Found a runed translucent door.
 89466 | Pan      | Found a runed translucent door.
 89479 | Pan      | Found a runed translucent door.
 89504 | Pan      | Killed Guci the pandemonium lord
 89580 | Pan      | Identified the amulet of Conflict {RegenMP Will+ Str+5}
 89590 | Pan      | Entered the realm of Lom Lobon.
 90504 | Pan      | Noticed Lom Lobon
 90509 | Pan      | Killed Lom Lobon
 90549 | Pan      | Got a magical rune of Zot
 90679 | Pan      | Found a transporter.
 90902 | Pan      | Found a transporter.
 91099 | Pan      | Found an exit through the horrors of the Abyss.
 91296 | Pan      | Noticed Ittiam the pandemonium lord
 91302 | Pan      | Killed Ittiam the pandemonium lord
 92447 | Pan      | Noticed Doarghoho the pandemonium lord
 92456 | Pan      | Killed Doarghoho the pandemonium lord
 92531 | Pan      | Got a demonic rune of Zot
 92573 | Depths:2 | Escaped Pandemonium
 94540 | Tomb:2   | Noticed a royal mummy
 94540 | Tomb:2   | Noticed a royal mummy
 94540 | Tomb:2   | Noticed a royal mummy
 94541 | Tomb:2   | Noticed a royal mummy
 94576 | Tomb:2   | HP: 3/211 [spore (9)]
 94764 | Tomb:3   | Entered Level 3 of the Tomb of the Ancients
 94776 | Tomb:3   | Noticed a royal mummy
 94837 | Tomb:3   | Identified the ring of Light {rF+ rN+ Str-3 Dex+4 Slay+4}
 94844 | Tomb:3   | Identified the +10 dagger "Killer Klown's Regret" {protect,
                  | rN+}
 94861 | Tomb:3   | Killed a royal mummy
 94861 | Tomb:3   | Noticed a royal mummy
 94871 | Tomb:3   | Noticed a royal mummy
 94878 | Tomb:3   | Noticed a royal mummy
 94879 | Tomb:3   | Noticed a royal mummy
 94881 | Tomb:3   | Noticed a royal mummy
 94881 | Tomb:3   | HP: 3/257 [juggernaut skeleton (11)]
 94881 | Tomb:3   | Noticed a royal mummy
 94890 | Tomb:3   | Noticed a royal mummy
 94890 | Tomb:3   | Noticed a dread lich
 94900 | Tomb:3   | Noticed a royal mummy
 95238 | Tomb:3   | Killed a royal mummy
 95416 | Tomb:3   | Killed a royal mummy
 95416 | Tomb:3   | Killed a royal mummy
 95416 | Tomb:3   | Killed a royal mummy
 95518 | Tomb:3   | Identified the +9 bardiche of Past Mistakes {drain, rC-
                  | Str+9 Int+3}
 95520 | Tomb:3   | Identified the +0 cloak of Nerusafu {rElec rF++ rN++}
 95525 | Tomb:3   | Killed a royal mummy
 95559 | Tomb:3   | Got a golden rune of Zot
 96352 | Hell     | Entered the Vestibule of Hell
 96352 | Hell     | Noticed Geryon
 96358 | Hell     | Killed Geryon
 96694 | Hell     | Found a gateway to the freezing wastes of Cocytus.
 96809 | Hell     | Found a gateway to the Iron City of Dis.
 96832 | Dis:1    | Entered Level 1 of the Iron City of Dis
 97058 | Dis:2    | Noticed a dread lich
 97062 | Dis:2    | Killed a dread lich
 97077 | Dis:2    | Noticed a dread lich
 97077 | Dis:2    | Noticed a dread lich
 97077 | Dis:2    | Noticed a dread lich
 97077 | Dis:2    | Noticed an ancient lich
 97077 | Dis:2    | Noticed a dread lich
 97077 | Dis:2    | Noticed an ancient lich
 97077 | Dis:2    | Noticed an ancient lich
 97077 | Dis:2    | Noticed an ancient lich
 97082 | Dis:3    | Noticed a dread lich
 97082 | Dis:3    | Noticed a dread lich
 97082 | Dis:3    | Noticed a dread lich
 97084 | Dis:3    | Killed an ancient lich
 97084 | Dis:3    | Killed a dread lich
 97084 | Dis:3    | Killed a dread lich
 97085 | Dis:3    | Killed a dread lich
 97085 | Dis:3    | Killed a dread lich
 97086 | Dis:3    | Noticed an ancient lich
 97099 | Dis:3    | HP: 12/266 [war gargoyle/spray of metal splinters (68)]
 97503 | Dis:6    | HP: 8/266 [arc of chain lightning (14)]
 97509 | Dis:6    | HP: 3/266 [arc of chain lightning (6)]
 97553 | Dis:6    | HP: 8/266 [crystal echidna/volley of spikes (14)]
 97554 | Dis:6    | Hit by an iron dragon thrown by iron giant

Illustrated notes

Levels and vault maps discovered:
D:1:      roderic_chinese_lattice_arrival, layout_loops_ring,
          shapermc_ecumenical_altar_starsandcircs
D:2:      layout_basic, uniq_robin
D:3:      layout_basic
D:4:      layout_loops_ring, ebering_ghost_rock_garden,
          hangedman_abyss_or_decor_slice
D:5:      layout_loops_cross, gup_sewer_entry_pipe, minivault_4,
          uniq_prince_ribbit1
D:6:      layout_basic, yredelemnul_altar_generic, minitemple,
          mainiacjoe_overflow_two_lobes, serial_shops, shop_fountains,
          uniq_edmund, uniq_maggie
D:7:      layout_cave_pools, mainiacjoe_overflow_paths,
          chequers_temple_overflow_minitemple, minmay_temple_entry_ruins
D:8:      layout_basic, grunt_ministairs_14
D:9:      layout_basic, lemuel_round_altar
D:10:     layout_rooms, mainiacjoe_overflow_catwalk, kennysheep_island_fort
D:11:     layout_loops_ring, due_lair_maze_entry_diamond
D:12:     layout_long_grid, hangedman_abyss_or_decor_clamps, disabler_island
D:13:     layout_rooms, erik_vaults_1, serial_shops, kennysheep_mini_moat, shop
D:14:     layout_loops_cross, nicolae_ru_the_path_less_chosen, serial_shops,
          nicolae_shop_statue_plus, minmay_misc_feat_pillars
D:15:     gammafunk_enter_depths_forms, layout_rooms,
          portal_ice_cave_entry_ice_simulacra
Temple:   dpeg_three_leaves_temple
Lair:1:   layout_chaotic_city, gammafunk_ghost_necromancy, grunt_megastairs_1,
          uniq_gastronok
Lair:2:   layout_regular_city, serial_rivers, chequers_serial_rivers_micro_d,
          chequers_serial_rivers_small_b, chequers_serial_rivers_large_b,
          chequers_serial_rivers_small_b, chequers_serial_rivers_micro_b,
          chequers_serial_rivers_micro_d, hibernation_bobbens
Lair:3:   layout_small_grid, dummy_snake_entry, beast_lair_carwin_4,
          grunt_megastairs_5
Lair:4:   layout_regular_city, swamp_mist, minivault_19, serial_bayou_lagoon_b
Lair:5:   layout_misc_corridors, serial_bayou_shore_b, serial_bayou_shore_b
Lair:6:   hellmonk_lair_end_abyssal_woods, layout_cave_pods,
          nicolae_slime_entry_slimehenge, enter_volcano_3
Swamp:1:  nicolae_swamp_standing_stones, layout_basic_swamp,
          hangedman_swamp_pad, swamp_pool1, uniq_louise, uniq_kirke
Swamp:2:  layout_falls_marsh, hangedman_swamp_ruin_wall, nicolae_swamp_oxbows,
          infiniplex_staircase_pool
Swamp:3:  layout_basic_swamp, hangedman_swamp_cone, swamp_pool5,
          nicolae_swamp_tree_designs
Swamp:4:  swamp_basic_johnstein, layout_basic_swamp
Snake:1:  layout_misc_corridors
Snake:2:  layout_onion_interference, ebering_ghost_xom, guppyfry_library_mini,
          grunt_megastairs_4
Snake:3:  layout_basic
Snake:4:  grunt_snake_rune_spirals, layout_onion, uniq_nikola
Slime:1:  layout_caves
Slime:2:  layout_caves, cheibrodos_slime_lost_civilization_4
Slime:3:  layout_caves, uniq_dissolution
Slime:4:  layout_caves
Slime:5
Orc:1:    layout_caves, nicolae_shop_gadgets
Orc:2:    st_orc_pillars, layout_diamond_mine, gammafunk_ghost_fury_of_okawaru
Elf:1:    eino_elf_arrival_sip, layout_loops_corners, serial_shops, shop,
          shop_statue, shop, nicolae_shop_bloodbath_and_beyond, special_room
          [special_room_orc], hangedman_elf_disciples
Elf:2:    nicolae_elf_blades_crystal_corner, layout_geoelf_octagon,
          serial_shops, shop, nicolae_shop_temple_entry_statues_fountains,
          shop_statue, nicolae_square_shop, nicolae_diamond_shop,
          lemuel_elevator
Elf:3:    minmay_elf_hall_hex, layout_loops_ring
Vaults:1: grunt_vaults_hallway_short, nicolae_vaults_circle_grid_a,
          vaults_mumra_hex, nicolae_vaults_specimen_jars,
          ontoclasm_vaults_gallery, nicolae_vaults_stairing_the_circle,
          v_pattern_5, nicolae_vaults_theta, hangedman_vaults_maws,
          serial_ice_h, v_misc_17, vaults_room_corners, v_misc_22,
          layout_vaults_chaotic_city
Vaults:2: vaults_room_hallway, nicolae_vaults_little_ls, v_misc_26,
          v_alt_pattern_3, vaults_room_fancy_cross, ontoclasm_vaults_misaligned,
          grunt_vaults_diagonal, grunt_vaults_focal, v_misc_22, v_misc_33,
          ontoclasm_vaults_twist, st_lines, layout_vaults_ring, serial_shops,
          nicolae_shop_behind_doors, uniq_saint_roka, uniq_sojobo, uniq_boris,
          uniq_margery
Vaults:3: v_rooms_3, hangedman_vaults_corner, ontoclasm_vaults_ring_square,
          nicolae_vaults_angled_halls, dpeg_vaults_monster_box, v_misc_27,
          ontoclasm_vaults_ring_small, nicolae_vaults_little_squares_6,
          ontoclasm_vaults_eye, minmay_crypt_entry_simple_box,
          hangedman_vaults_trim, layout_vaults_omnigrid, uniq_bai_suzhen
Vaults:4: hangedman_vaults_variations, vaults_dpeg_diagonal, v_alt_pattern_3,
          v_alt_pattern_4, emtedronai_trogs_sanctum, v_misc_9,
          nicolae_vaults_gold_heap, ontoclasm_vaults_fault,
          nicolae_vaults_triangles, v_misc_32, nicolae_vaults_rhombus_6,
          v_pattern_1, hangedman_vaults_restitches,
          ontoclasm_vaults_claustrophobia, layout_vaults_maze, serial_shops,
          shop
Vaults:5: serial_shops
Crypt:1:  layout_regular_city, infiniplex_enter_wizlab_water, uniq_jory
Crypt:2:  layout_gridlike, grunt_megastairs_3
Crypt:3:  grunt_crypt_end_deaths_head
Tomb:1
Tomb:2
Tomb:3
Depths:1: layout_roguey, enter_ziggurat_c, serial_shops,
          nicolae_shop_statue_plus, minmay_misc_feat_iff, hellmouth_1,
          minmay_misc_feat_doors, hex_intersection,
          nemelex_xobeh_ov_fountains_minmay, minmay_shop_star
Depths:2: minmay_the_grid_3x2 [minmay_the_grid_diamond_grid,
          minmay_the_grid_stretched_grid, minmay_the_grid_expand,
          minmay_the_grid_medium_cups, minmay_the_grid_empty,
          minmay_the_grid_prize_shrinking_boxes], layout_twisted_cross,
          rand_demon_pan_entry_7, abyss_entry, grunt_hell_entry_dis_grunt,
          lemuel_zombie_altar_kikubaaqudgha, minmay_staircase_statues
Depths:3: minmay_outward_triangles, layout_basic, elyvilon_altar_5, abyss_entry,
          pf_vacation_house_of_asmodeus, serial_bayou_shore_a
Depths:4: grunt_zot_entry_bicorn, layout_basic, serial_sigils_hangedman_confine,
          gammafunk_ghost_arena, hell_entry, minmay_misc_feat_x
Hell
Dis:1:    hangedman_dis_decor_blocks_talon, layout_regular_city
Dis:2:    layout_subdivisions, nicolae_hells_leichenhalle
Dis:3:    layout_regular_city, nicolae_dis_liches_on_tour
Dis:4:    layout_subdivisions, nicolae_dis_distal_crystal
Dis:5:    layout_subdivisions
Dis:6:    layout_regular_city, hangedman_dis_chains,
          nicolae_dis_lava_storage_tank, lemuel_dis_dragons
Zot:1:    layout_onion_interference
Zot:2:    layout_concentric_octagons
Zot:3:    layout_onion_interference, grunt_megastairs_2
Zot:4:    layout_misc_corridors, st_small_dragon_hoard_4, st_stairs_1

Skill      XL: |  1  2  3  4  5  6  7  8  9 10 11 12 13 14 15 16 17 18 19 20 21 22 23 24 25 26 27 |
---------------+----------------------------------------------------------------------------------+-----
Conjurations   | 2 3 7 13 16 18 19 20 21 22 24 25 27 | 27.0
Air Magic      | 4 6 8 9 10 12 13 14 15 17 19 20 21 23 24 25 26 27 | 27.0
Dodging        | 4 5 8 9 11 14 19 | 19.0
Fighting       | 5 9 12 16 25 | 25.5
Spellcasting   | 4 6 7 9 10 11 12 13 16 20 | 20.7
Shields        | 5 8 16 22 | 22.7
Armour         | 7 13 18 19 24 | 24.4
Necromancy     | 1 |  1.1
Maces & Flails | 6 |  6.1
Stealth        | 9 |  9.9

Action                   |  1- 3 |  4- 6 |  7- 9 | 10-12 | 13-15 | 16-18 | 19-21 | 22-24 | 25-27 || total
-------------------------+-------+-------+-------+-------+-------+-------+-------+-------+-------++-------
Melee: Dagger            |     7 |     3 |       |       |       |       |       |       |       ||    10
       Staff             |       |    34 |    24 |    53 |    32 |       |       |     9 |    20 ||   172
       Flail             |       |       |    20 |     4 |       |       |       |       |       ||    24
       Morningstar       |       |       |       |       |       |       |       |       |    33 ||    33
 Cast: Shock             |    60 |   112 |   169 |   310 |   200 |   223 |   256 |    24 |   341 ||  1695
       Static Discharge  |       |    10 |    49 |   148 |   128 |    59 |    63 |     3 |    92 ||   552
       Poisonous Vapours |       |     3 |     8 |    15 |     4 |       |       |       |       ||    30
       Corpse Rot        |       |       |     2 |     8 |     2 |       |       |       |       ||    12
       Airstrike         |       |       |     3 |    34 |    54 |    22 |    30 |       |       ||   143
       Swiftness         |       |       |       |     3 |       |       |       |     1 |     2 ||     6
       Conjure Ball Ligh |       |       |       |       |    60 |   211 |   124 |    34 |    95 ||   524
       Iskenderun's Batt |       |       |       |       |    33 |    87 |    87 |    17 |   199 ||   423
       Lightning Bolt    |       |       |       |       |       |    55 |    35 |     1 |       ||    91
       Maxwell's Capacit |       |       |       |       |       |     1 |    18 |    75 |   285 ||   379
       Chain Lightning   |       |       |       |       |       |       |   142 |   248 |  1132 ||  1522
       Passwall          |       |       |       |       |       |       |       |     1 |     5 ||     6
       Blink             |       |       |       |       |       |       |       |       |     2 ||     2
       Sublimation of Bl |       |       |       |       |       |       |       |       |     1 ||     1
 Abil: Hop               |       |       |       |     3 |     5 |     4 |     2 |     1 |    15 ||    30
  Use: Scroll            |       |       |       |    12 |     3 |    21 |     1 |     3 |    41 ||    81
       Potion            |       |       |       |       |     1 |       |       |       |    34 ||    35
Armor: Leather armour    |     1 |    25 |     6 |       |       |       |       |       |       ||    32
       Robe              |       |       |    51 |    93 |    60 |    20 |     8 |    17 |       ||   249
       Ice dragon scales |       |       |       |       |       |    15 |    54 |    30 |   643 ||   742
Dodge: Dodged            |     9 |    30 |   105 |   177 |   145 |    41 |    65 |    53 |   671 ||  1296
Block: Buckler           |       |       |       |    61 |       |       |     7 |       |       ||    68
       Kite shield       |       |       |       |    35 |   185 |    57 |    52 |    24 |   524 ||   877
       Tower shield      |       |       |       |       |       |    31 |    43 |    63 |    92 ||   229
       Reflection        |       |       |       |       |       |       |    28 |    30 |    20 ||    78
